 Dungeon Crawl Stone Soup version 0.20-a0-390-g4892b34 (webtiles) character file.

53 jonathanblu the Cutter (level 4, -18/29 HPs)
             Began as a Halfling Skald on Dec 30, 2016.
             Demolished by an ogre
             ... wielding a +0 giant club
              (25 damage)
             ... on level 3 of the Dungeon.
             The game lasted 00:13:47 (1786 turns).

jonathanblu the Cutter (Halfling Skald)             Turns: 1786, Time: 00:13:48

Health: -18/29     AC:  3    Str: 13    XL:     4   Next: 11%
Magic:  6/6        EV: 14    Int: 10    God:
Gold:   97         SH:  0    Dex: 14    Spells: 5/6 levels left

rFire  . . .     SeeInvis .     a - +0 short sword
rCold  . . .     Gourm    .     g - +0 leather armour (curse)
rNeg   . . .     Faith    .     (shield restricted)
rPois  .         Spirit   .     (no helmet)
rElec  .         Reflect  .     (no cloak)
rCorr  .         Harm     .     (no gloves)
MR     .....                    (no boots)
Stlth  +.........               (no amulet)
                                (no ring)
                                (no ring)

@: no status effects
A: mutation resistance 1
a: no special abilities


You were on level 3 of the Dungeon.
You were not hungry.

You visited 1 branch of the dungeon, and saw 4 of its levels.

You collected 97 gold pieces.

Inventory:

Hand Weapons
 a - a +0 short sword (weapon)
 o - a +0 spear
Missiles
 i - 49 arrows
 j - 22 poisoned needles
 l - 27 bolts
 n - 22 stones (quivered)
Armour
 b - a +0 leather armour
 e - a +0 robe
 f - a +0 scale mail
 g - a cursed +0 leather armour (worn)
 k - a +0 ring mail
Scrolls
 d - a scroll of identify
Books
 c - a book of Battle

   Spells                             Type                      Level
   a - Infusion                       Charms                       1
   b - Shroud of Golubria             Charms/Translocation         2
   c - Song of Slaying                Charms                       2
   d - Spectral Weapon                Hexes/Charms                 3
   e - Regeneration                   Charms/Necromancy            3
Comestibles
 h - a beef jerky


   Skills:
 + Level 2.2 Fighting
 + Level 3.5 Short Blades
 + Level 1.8 Armour
 + Level 1.7 Dodging
 + Level 1.6 Spellcasting
 + Level 3.4 Charms


You had 5 spell levels left.
You knew the following spells:

 Your Spells              Type           Power        Failure   Level  Hunger
a - Infusion              Chrm           #...         12%         1    ##.....


Dungeon Overview and Level Annotations

Branches:
Dungeon (4/15)
 Temple: D:4-7

Altars:

Annotations:
D:4 Dowan


Innate Abilities, Weirdness & Mutations

You are small and have problems with some larger weapons.
You are somewhat resistant to further mutation.


Message History

The ogre barely misses you.
You hit the ogre.
The ogre is heavily wounded.
You barely miss the ogre.
The ogre is heavily wounded.
The ogre hits you with a giant club.
You hit the ogre.
The ogre is heavily wounded.
The ogre closely misses you.
You completely miss the ogre.
The ogre is heavily wounded.
You hit the ogre.
The ogre is severely wounded.
The ogre hits you with a giant club!
* * * LOW HITPOINT WARNING * * *
You hit the ogre.
The ogre is severely wounded.
The ogre hits you with a giant club!!
Ouch! That really hurt!
You die...

#.......<<.# #.
#..###.....# ##.###.##
#..# #.....# ... ...#
#..# ####### #.. #..#
#..# ######.# #..#
###..# .......# #>.#
#....# ....#..#
#..#######.#.##
##..#..####.>..O@......#
.........##....#####.###
.#..#..........### #.#
.#..#....#.......# #.#
.#(.(....#...........#
.#.......#.......#####
<..##..#.###...###
.#.##..#.# #...#
(#.##..#.# ##.##


You could see an ogre.

Vanquished Creatures
  2 adders (D:2)
  An ooze (D:2)
  A dart slug (D:1)
  2 leopard geckos (D:1)
  5 bats
  3 giant cockroaches
  3 goblins
  3 jackals (D:1)
  2 kobolds (D:2)
  A frilled lizard (D:1)
  4 rats
27 creatures vanquished.

Notes
Turn   | Place    | Note
-------+----------+-------------------------------------------
     0 | D:1      | jonathanblu the Halfling Skald began the quest for the Orb.
     0 | D:1      | Reached XP level 1. HP: 14/14 MP: 3/3
   515 | D:1      | Reached XP level 2. HP: 18/19 MP: 4/4
  1209 | D:2      | Reached XP level 3. HP: 24/24 MP: 5/5
  1567 | D:2      | Reached XP level 4. HP: 25/29 MP: 6/6
  1767 | D:4      | Noticed an ogre
  1772 | D:4      | Noticed Dowan
  1786 | D:3      | Demolished by an ogre

Vault maps used:
D:1:      minmay_arrival_stone_box
D:3:      hangedman_decor_growths, uniq_natasha
D:4:      cheibriados_altar_1, nicolae_ossuary_entry_monument, uniq_duvessa

Skill      XL: |  1  2 |
---------------+-------+-----
Fighting       | 2 |  2.2
Short Blades   | 3 |  3.5
Armour         | |  1.8
Dodging        | |  1.7
Spellcasting   | |  1.6
Charms         | |  3.4

Action                   |  1- 3 |  4- 6 || total
-------------------------+-------+-------++-------
Melee: Short sword       |   142 |    25 ||   167
Throw: Stone             |       |    10 ||    10
  Use: Scroll            |     2 |       ||     2
       Potion            |     2 |       ||     2
  Eat: Chunk             |     1 |       ||     1
       Bread ration      |     1 |       ||     1
Armor: Leather armour    |    26 |    15 ||    41
Dodge: Dodged            |   113 |    42 ||   155
